 Dungeon Crawl Stone Soup version 0.26-a0-43-g20b394cb32 (webtiles) character file.

Game seed: 2710396518033599215

26044 Maedhros the Nimble (level 13, -10/92 HPs)
             Began as an Octopode Artificer on June 2, 2020.
             Was an Elder of Cheibriados.
             Mangled by a catoblepas (16 damage)
             ... while petrified by you
             ... on level 6 of the Lair of Beasts.
             The game lasted 01:09:21 (7594 turns).

Maedhros the Nimble (Octopode Artificer)            Turns: 7594, Time: 01:09:21

Health: -10/92     AC:  1    Str: 21    XL:     13   Next: 23%
Magic:  0/27       EV:  2    Int: 23    God:    Cheibriados [****..]
Gold:   1028       SH:  0    Dex: 21    Spells: 9/13 levels left

rFire    + + +     SeeInvis +     - Unarmed
rCold    + + .     Gourm    .   b - +3 kite shield
rNeg     + + +     Faith    .   (helmet restricted)
rPois    ∞         Spirit   +   D - amulet of guardian spirit
rElec    .         Reflect  .   j - ring of the Oligarchy {rPois rF+++ Dex-4 Slay+4 SInv}
rCorr    .         Harm     .   h - ring of protection from magic
MR       ++...                  p - ring of positive energy
Stlth    +++++.....             z - ring of protection from magic
HPRegen  0.25/turn              E - ring of protection from cold
MPRegen  0.20/turn              x - ring of magical power
                                (no ring)
                                (no ring)

@: mighty, petrified, very slow
A: almost no armour, stealthy swim, amphibious, 8 rings, constrict 8, camouflage
1, cold resistance 1, sense surroundings 1, wild magic 1, gelatinous body 1
a: Bend Time, Temporal Distortion, Slouch, Renounce Religion


You were on level 6 of the Lair of Beasts.
You worshipped Cheibriados.
Cheibriados was greatly pleased with you.
You were not hungry.

You visited 3 branches of the dungeon, and saw 19 of its levels.

You collected 1227 gold pieces.
You spent 199 gold pieces at shops.

Inventory:

Hand Weapons
 c - the +10 falchion of Wondrous Power {protect, rC++}
   (You took it off a centaur on level 8 of the Dungeon)

   It grants its wielder temporary protection when it strikes (+7 to AC).
   It greatly protects you from cold.
 u - a +4 hunting sling of freezing
Missiles
 g - 176 stones
 l - a boomerang of dispersal
 y - 3 silver javelins (quivered)
 C - 33 poisoned darts
Armour
 b - a +3 kite shield (worn)
Magical Staves
 o - an uncursed staff of conjuration
 w - an uncursed staff of cold
Jewellery
 h - a ring of protection from magic (right tentacle)
 j - the ring of the Oligarchy (left tentacle) {rPois rF+++ Dex-4 Slay+4 SInv}
   (You took it off a centaur on level 8 of the Dungeon)

   [ring of slaying]

   It affects your dexterity (-4).
   It affects your accuracy and damage with ranged weapons and melee attacks
   (+4).
   It renders you almost immune to fire.
   It protects you from poison.
   It lets you see invisible.
 p - a ring of positive energy (on tentacle)
 x - a ring of magical power (on tentacle)
 z - a ring of protection from magic (on tentacle)
 D - an amulet of guardian spirit (around mantle)
 E - a ring of protection from cold (on tentacle)
Wands
 a - a wand of polymorph (9)
 K - a wand of disintegration (9)
Scrolls
 e - a scroll of fear {unknown}
 i - a scroll of fog
 k - 3 scrolls of amnesia
 m - a scroll of summoning {unknown}
 n - 4 scrolls of immolation
 r - 2 scrolls of remove curse
 s - a scroll of enchant weapon
 B - a scroll of magic mapping {unknown}
 G - a scroll of blinking {unknown}
 H - a scroll of teleportation
 I - a scroll of torment
Potions
 d - 5 potions of stabbing
 q - 3 potions of might
 t - a potion of brilliance
 v - 4 potions of magic
 A - a potion of cancellation {unknown}
 F - a potion of heal wounds
 J - a potion of curing
Comestibles
 f - 11 rations


   Skills:
 - Level 10.0 Fighting
   Level 1.0 Short Blades
 + Level 10.5 Dodging
 - Level 8.5 Stealth
 + Level 7.6 Shields
 - Level 10.3 Unarmed Combat
 + Level 0.5 Spellcasting
 * Level 6.0 Summonings
 - Level 7.8 Invocations
 - Level 3.2 Evocations


You had 9 spell levels left.
You knew the following spells:

 Your Spells              Type           Power        Failure   Level  Hunger
a - Summon Ice Beast      Ice/Summ       ###.....     82%         4    #####..

Your spell library contained the following spells:

 Spells                   Type           Power        Failure   Level  Hunger
 Summon Butterflies       Summ           #####...     5%          1    ##.....
 Call Canine Familiar     Summ           #####...     14%         3    ####...
 Gell's Gravitas          Tloc           #.........   82%         3    ####...
 Portal Projectile        Hex/Tloc       #.....       82%         3    ####...
 Summon Mana Viper        Hex/Summ       ###.....     98%         5    ######.
 Dispersal                Tloc           #.........   100%        6    #######
 Summon Hydra             Summ           #####.....   100%        7    #######
 Controlled Blink         Tloc           N/A          100%        8    #######
 Disjunction              Tloc           #.........   100%        8    #######


Dungeon Overview and Level Annotations

Branches:
Dungeon (11/15)            Temple (0/1) D:5            Lair (6/6) D:11
 Shoals (0/4) Lair:3       Spider (0/4) Lair:3          Orc (2/2) D:10
  Slime: Lair:5-6       Elf: Orc:2

Altars:
Cheibriados
Dithmenos
Elyvilon
Gozag
Kikubaaqudgha
Makhleb
Wu Jian
Xom
Yredelemnul
Beogh

Shops:
D:4 !   D:11 (   Orc:2 ([

Annotations:
D:5 exclusion: ice beast
D:7 1 runed translucent door, sirjames's ghost, novice TrFi
D:9 exclusion: troll, Erolcha


Innate Abilities, Weirdness & Mutations

You cannot wear most types of armour.
You are very stealthy in the water. (Stealth+)
You are amphibious.
You can wear up to eight rings at the same time.
You can use your tentacles to constrict eight enemies at once.
Your skin changes colour to match your surroundings (Stealth+).
Your rubbery body absorbs attacks. (AC +1, EV +1)
Your flesh is cold resistant. (rC+)
You passively map a small area around you.
Your spells are a little harder to cast, but a little more powerful.


Message History

Unknown command.
Your shield prevents you from hitting the catoblepas.
The catoblepas is almost dead.
You are engulfed in calcifying dust.
Your limbs have turned to stone.
The catoblepas gores you!
You have turned to stone.
You are engulfed in calcifying dust.
The catoblepas gores you! x2
The catoblepas gores you. The catoblepas gores you!!
* * * LOW HITPOINT WARNING * * *
The catoblepas gores you!
* * * LOW HITPOINT WARNING * * *
The catoblepas gores you!!
* * * LOW HITPOINT WARNING * * *
The catoblepas gores you!
* * * LOW HITPOINT WARNING * * *
The catoblepas breathes a plume of calcifying dust at you.
The blast of calcifying dust hits you.
* * * LOW HITPOINT WARNING * * *
You are engulfed in calcifying dust.
The catoblepas gores you!!!
You die...

#♣..........
♣.....PP.#
#.<....# , ,
##.#...# , *
#.....## *
#..#P.##* *
#P.....# , *
##....§# ,
#..§#@.# *,
##..Y........
#.........#.#,
#)#...#####
#.###.# * #
... , * , *
#.. * , ,,...
, ,


You could see a catoblepas.

Vanquished Creatures
  Fannar (Lair:1)
  A hydra (Lair:2)
  A catoblepas (Lair:3)
  6 two-headed ogres
  An unseen horror (D:10)
  4 orc knights (Orc:2)
  Pikel (D:7)
  An orc sorcerer (Orc:2)
  8 spiny frogs
  Maggie (Lair:1)
  4 komodo dragons
  2 trolls
  A snapping turtle (Lair:3)
  14 blink frogs
  4 hippogriffs
  3 redbacks (Lair:3)
  A vampire (D:11)
  4 yaks (Lair:4)
  2 hungry ghosts
  2 basilisks
  A chaos spawn (D:10)
  3 wargs
  4 water moccasins
  4 porcupines
  12 orc warriors
  A slave (D:7)
  A swamp drake (D:10)
  3 black bears
  A necrophage (D:11)
  12 ogres
  A phantom (D:6)
  9 wolves (Lair:1)
  5 centaurs
  3 crocodiles (Lair:1)
  2 big kobolds
  10 bullfrogs
  A water moccasin zombie (D:2)
  A wyvern skeleton (D:11)
  3 scorpions
  5 wights (D:8)
  2 howler monkeys (D:10)
  2 electric eels
  A crimson imp (D:8)
  A jelly (D:8)
  A bullfrog zombie (D:6)
  6 hounds
  A bullfrog skeleton (D:5)
  10 orc priests
  A centaur skeleton (D:5)
  Terence (D:3)
  2 iguanas (D:8)
  11 worker ants
  7 orc wizards
  A hound skeleton (D:8)
  A howler monkey zombie (D:5)
  A worker ant zombie (D:3)
  8 adders
  5 gnolls
  An adder skeleton (D:3)
  6 worms
  6 leopard geckos
  64 orcs
  5 bats
  3 giant cockroaches
  6 hobgoblins
  12 jackals
  11 kobolds
  3 quokkas
  2 frilled lizards
  5 goblins
  A leopard gecko zombie (D:3)
  A quokka zombie (D:3)
  3 rats
  A fungus (Lair:5)
336 creatures vanquished.

Vanquished Creatures (collateral kills)
  An orc warrior (Orc:2)
  2 orcs (D:4)
  A giant cockroach (D:4)
4 creatures vanquished.

Vanquished Creatures (others)
  An orc warrior (Orc:2)
  A hound (D:4)
  An orc priest (Orc:2)
  An orc wizard (D:4)
  A gnoll (D:4)
  An orc (D:10)
  2 plants (D:11)
8 creatures vanquished.

Grand Total: 348 creatures vanquished

Notes
Turn   | Place    | Note
-------+----------+-------------------------------------------
     0 | D:1      | Maedhros the Octopode Artificer began the quest for the
                  | Orb.
     0 | D:1      | Reached XP level 1. HP: 13/13 MP: 3/3
     0 | D:1      | hello guys! anybody whos watching, its been 33301 turns
                  | last game with OpAr, my favourite combo. im playing only
                  | newest versions and trying to beat that score : )
     0 | D:1      | 33301 is my highscore and i see possibility to beat it with
                  | this combo by another 5k turns. lets see how it goes
   226 | D:3      | Reached XP level 2. HP: 13/18 MP: 4/4
   345 | D:4      | Found a snail-covered altar of Cheibriados.
   347 | D:4      | found chei 350, 2 orc wizards protecting
   458 | D:4      | Reached XP level 3. HP: 20/23 MP: 5/5
   479 | D:4      | Reached skill level 5 in Stealth
   502 | D:4      | Became a worshipper of Cheibriados the Contemplative
   514 | D:4      | Found Ciozaopaugh's Distillery.
   523 | D:4      | Bought a potion of lignification for 33 gold pieces
   523 | D:4      | Bought a potion of heal wounds for 55 gold pieces
   625 | D:4      | Reached XP level 4. HP: 25/28 MP: 6/6
   912 | D:2      | water moccasin zombie on d2. LOL
  1011 | D:2      | Reached skill level 1 in Unarmed Combat
  1011 | D:2      | Reached XP level 5. HP: 24/33 MP: 7/7
  1067 | D:2      | Found a shadowy altar of Dithmenos.
  1070 | D:2      | Found a burning altar of Makhleb.
  1166 | D:2      | Found an opulent altar of Gozag.
  1228 | D:2      | Found a faded altar of an unknown god.
  1295 | D:3      | Noticed Terence
  1325 | D:3      | Reached * piety under Cheibriados
  1340 | D:3      | Killed Terence
  1709 | D:5      | Entered Level 5 of the Dungeon
  1721 | D:4      | Bought a potion of lignification for 33 gold pieces
  1721 | D:4      | Bought a potion of might for 44 gold pieces
  1721 | D:4      | Bought a potion of curing for 33 gold pieces
  1739 | D:5      | Found a white marble altar of Elyvilon.
  1743 | D:5      | Reached XP level 6. HP: 33/38 MP: 8/8
  1811 | D:5      | Found a white marble altar of Elyvilon.
  1845 | D:5      | trying playing safe but its hard and slowing me down
  1914 | D:5      | Found an ancient bone altar of Kikubaaqudgha.
  2005 | D:5      | Reached ** piety under Cheibriados
  2065 | D:5      | Found a staircase to the Ecumenical Temple.
  2124 | D:5      | Noticed an ice beast
  2155 | D:5      | Noticed a phantom
  2228 | D:4      | Reached XP level 7. HP: 21/43 MP: 9/9
  2460 | D:5      | Reached skill level 5 in Unarmed Combat
  2614 | D:6      | ok found a tool to fight
  2670 | D:6      | first 5 floors were tragic
  2676 | D:6      | 2600 and still lvl 7 xd
  2849 | D:6      | Reached XP level 8. HP: 45/48 MP: 10/10
  3011 | D:7      | Reached *** piety under Cheibriados
  3011 | D:7      | Reached skill level 1 in Shields
  3295 | D:7      | Noticed Pikel
  3337 | D:7      | Killed Pikel
  3337 | D:7      | Reached XP level 9. HP: 28/57 MP: 11/11
  3378 | D:7      | Found a runed translucent door.
  3381 | D:7      | Noticed sirjames's ghost (novice TrFi)
  3535 | D:8      | Noticed a two-headed ogre
  3542 | D:8      | Killed a two-headed ogre
  3578 | D:8      | clouds 1 charge wand xD
  3592 | D:8      | bullfrog bullied me to 50% hp
  3733 | D:9      | Noticed Erolcha
  3735 | D:9      | erolcha d9
  3754 | D:9      | Noticed a troll
  3755 | D:9      | troll d9
  3832 | D:9      | Found a basalt altar of Yredelemnul.
  3865 | D:9      | Reached **** piety under Cheibriados
  3894 | D:9      | Reached skill level 1 in Invocations
  3905 | D:9      | Found an ornate altar of the Wu Jian Council.
  3960 | D:8      | Reached skill level 5 in Fighting
  3999 | D:8      | Reached XP level 10. HP: 66/66 MP: 12/12
  4049 | D:8      | Identified the ring of the Oligarchy {rPois rF+++ Dex-4
                  | Slay+4 SInv}
  4117 | D:8      | tried to get trove, but 2 orc priests with SMITINNG came
                  | from around corner, lol. and orc warriro with trident
                  | blocking my TREE FORM
  4210 | D:7      | Reached skill level 10 in Unarmed Combat
  4294 | D:8      | Noticed a two-headed ogre
  4311 | D:8      | Killed a two-headed ogre
  4338 | D:8      | Identified the +10 falchion of Wondrous Power {protect,
                  | rC++}
  4338 | D:8      | Identified the cursed +1 shortbow of Causality {flame,
                  | +Fly}
  4339 | D:8      | ok im going back with all i said. rf+++, rpois, 4slay RING
                  | xD
  4437 | D:8      | Reached skill level 5 in Invocations
  4489 | D:10     | Entered Level 10 of the Dungeon
  4620 | D:10     | Noticed an unseen horror
  4631 | D:10     | Killed an unseen horror
  4664 | D:10     | Noticed a two-headed ogre
  4681 | D:10     | Killed a two-headed ogre
  4681 | D:10     | Reached XP level 11. HP: 54/74 MP: 14/16
  4689 | D:10     | Reached skill level 5 in Dodging
  4691 | D:10     | Found a shimmering altar of Xom.
  4692 | D:10     | Found the +7 mace of Variability {chain chaos}
  4813 | D:11     | Noticed a white ugly thing
  4940 | D:10     | Found a staircase to the Orcish Mines.
  5027 | Orc:1    | Entered Level 1 of the Orcish Mines
  5028 | Orc:1    | 5000 orcs
  5081 | Orc:1    | Found a roughly hewn altar of Beogh.
  5100 | Orc:1    | Reached ***** piety under Cheibriados
  5211 | Orc:2    | Entered Level 2 of the Orcish Mines
  5242 | Orc:2    | Noticed a two-headed ogre
  5344 | Orc:2    | Noticed a two-headed ogre
  5355 | Orc:2    | Killed a two-headed ogre
  5377 | Orc:2    | Killed a two-headed ogre
  5391 | Orc:2    | Noticed a two-headed ogre
  5419 | Orc:2    | Killed a two-headed ogre
  5600 | Orc:2    | Found a roughly hewn altar of Beogh.
  5617 | Orc:2    | Noticed an orc knight
  5617 | Orc:2    | Noticed an orc sorcerer
  5617 | Orc:2    | Noticed an orc knight
  5619 | Orc:2    | Killed an orc sorcerer
  5625 | Orc:2    | Killed an orc knight
  5626 | Orc:2    | Killed an orc knight
  5626 | Orc:2    | Reached XP level 12. HP: 45/85 MP: 2/17
  5668 | Orc:2    | Found Fiohy's Armour Emporium.
  5672 | Orc:2    | Found Uliceiq's Antique Weapon Shoppe.
  5693 | Orc:2    | some miracle i didnt die.
  5693 | Orc:2    | 2 orc knights with might on, and they missed 3 times, when
                  | they hit me before
  5693 | Orc:2    | i think i need to win this game lol
  5834 | Orc:2    | Bought a cursed -1 kite shield for 1 gold piece
  5921 | D:11     | Found Yfoeshu's Antique Weapon Shop.
  6101 | D:11     | Found a staircase to the Lair.
  6107 | Lair:1   | Entered Level 1 of the Lair of Beasts
  6183 | Lair:2   | Reached skill level 5 in Shields
  6188 | Lair:2   | Reached skill level 10 in Fighting
  6207 | Lair:2   | Gained mutation: You are clumsy. (Dex -2) [potion of
                  | mutation]
  6207 | Lair:2   | Gained mutation: Your spells are a little harder to cast,
                  | but a little more powerful. [potion of mutation]
  6207 | Lair:2   | Gained mutation: You are somewhat resistant to further
                  | mutation. [potion of mutation]
  6208 | Lair:2   | Lost mutation: You are clumsy. (Dex -2) [potion of
                  | mutation]
  6208 | Lair:2   | Lost mutation: You are somewhat resistant to further
                  | mutation. [potion of mutation]
  6208 | Lair:2   | Gained mutation: You passively map a small area around you.
                  | [potion of mutation]
  6208 | Lair:2   | Gained mutation: Your flesh is cold resistant. (rC+)
                  | [potion of mutation]
  6241 | Lair:2   | Noticed a six-headed hydra
  6250 | Lair:2   | Killed a six-headed hydra
  6251 | Lair:2   | Noticed a four-headed hydra
  6371 | Lair:1   | Noticed Maggie
  6381 | Lair:1   | Killed Maggie
  6396 | Lair:1   | Learned a level 4 spell: Summon Ice Beast
  6414 | Lair:1   | Reached skill level 1 in Summonings
  6469 | Lair:1   | Noticed Fannar
  6481 | Lair:1   | Killed Fannar
  6542 | Lair:1   | Reached skill level 10 in Dodging
  6663 | Lair:3   | Found a staircase to the Shoals.
  6801 | Lair:3   | Noticed a catoblepas
  6808 | Lair:3   | HP: 4/87 [catoblepas (16)]
  6809 | Lair:3   | Killed a catoblepas
  6809 | Lair:3   | Reached XP level 13. HP: 4/92 MP: 18/18
  6821 | Lair:3   | once again on border of death
  7015 | Lair:3   | Reached skill level 5 in Summonings
  7018 | Lair:3   | Found a hole to the Spider Nest.
  7568 | Lair:6   | Entered Level 6 of the Lair of Beasts
  7594 | Lair:6   | Mangled by a catoblepas

Illustrated notes # #### .. #(.##.# #....# #@.# #....# #..##...# #### ### Turn 0 on D:1: hello guys! anybody whos watching, its been 33301 turns last game with OpAr, my favourite combo. im playing only newest versions and trying to beat that score : ) o ##..s..## .. #o#.......#...... #.#.......#h#... ....._......$. #o......#... #.......#.. #.....##.######## #.####@####........# #..................# ###########........#### #.......'........'..# #.#######........#... # .......######... #.#######.# #... #.#.# #.# #... #.#.# #.# ##.# Turn 347 on D:4: found chei 350, 2 orc wizards protecting .................. ...........####... ..........>....... ######.....###.... . # #.....# ...# .. #. #.....# #..####.## #.## #÷....# #....!.... ....##.....# #.>.....# ......÷.#### #!@Z# ......#########.#.## ....#)###<...<.....# ....#.#...#######...... ....#.#...# #..... ....#.#...# .....# ....#÷#...###. ♣...♣# ............... ..♣♣ ..........###.. ♣♣ Turn 912 on D:2: water moccasin zombie on d2. LOL ####.......%.#....#####.####.# .$...s........................ #+# #......#####.####.# #.# #.._...# #.# #.####......# ..# #...........# ### #########.#.# ########.#.# ##.....@..#.# #......####.# ........# .# #...?...a #.#.###... # # #.... #..... #...... #....### Turn 1845 on D:5: trying playing safe but its hard and slowing me down .# ############.# #####..........#.# #......@.........# #.###.####.......#### #. #............ # #........## #.#.....## #.##...## #. ##.## #. #.# # #.###.# .# Turn 2614 on D:6: ok found a tool to fight # ######.##... #...@....... #. #.####.##... #.# #.# # #.# #.# ####.# #.# ...#.# #.# .....# ####.# .....#####.##.####.# ...................# Turn 2670 on D:6: first 5 floors were tragic ### #.. #.###### #.@....# #†####.# #.# # ######.##.... #...........# #. #.####.##..... #.# #.# #.# #.## #.# #.# #.# .. #.# #.# #.# Turn 2676 on D:6: 2600 and still lvl 7 xd #.. #.# #.# .^ #.. .. #.## .### #.. .....# #.##..##.# #@.....#.# #..###.#.# #..# #.#.# #.## #.#.# # #.####.#.#.# #......)<..# #.####....## #.# #....# #.# #.#..## Turn 3578 on D:8: clouds 1 charge wand xD ######### # ........## .# #....†@.##..# #...####.....# . #.##.###.# #.##...^.# #......... #.##..#### #........# #.##..##.# #......#.# Turn 3592 on D:8: bullfrog bullied me to 50% hp #.....# #....# #.....# #....# #.....# #....# #.....# #....# #.....###+ #....# ###......... #....# #........... .....# #........... .....#########..@[......O ......................... ......................... ......................... ......................... ........†..........#+##.. ...........).......# ## ....########.......# ....# #.......# Turn 3735 on D:9: erolcha d9 #.>..........†..........#+ #..<............).......# #........########.......# #........#......#.......# #........#......#.......# #........#......#.......+ #........#......#......## ######...#...T..#......# #...@......#......# #...#......#......# #...########....... #.... #a... ##### Turn 3755 on D:9: troll d9 #....##########...##.# .............###..##.# ####.##.......##..##.# # #..#...####.....##.# # #....### #.##.###.# ##...## #.##...^.### ...### #..........# ### #.##..####># #...@....#.# #.##..##.#.# #......#.#.# #..###.#.#.# #..# #.#.#># #.## #.#.#.# #.####.#.#.# #......)<..# #.####....## Turn 4117 on D:8: tried to get trove, but 2 orc priests with SMITINNG came from around corner, lol. and orc warriro with trident blocking my TREE FORM ######..# ..### .# #.)# ###..# #.# #..# ###...# #.# #.####...### #.# #.##...### #.# ##..[.###c. #.# #...###.... ########.# ##.###.).(# .........####.[(@(h((# #####.....[...[###[....# # #.########...###.... # #.# ##....###.. # #.#########.##...### # #.#..........###...### ### #..............###...## ..# ###.#######..#.#####(.### #.#####.##### #....#........### Turn 4339 on D:8: ok im going back with all i said. rf+++, rpois, 4slay RING xD ..^.... ... ....... ..## . ....... #.#.#.. ....... ..... ...$..$ .... .......#..## ...#..>....# .......@..# ##.......## #......## ##....## ##..# ### Turn 5028 on Orc:1: 5000 orcs ###.......(. ###........(.. #.#.......(#.. #........(... #.........# #.....))# #####+##.....).### #∩.†#)##.........### #..@+[#...........## #..[#(#...........## #####)###)###......# #...#.#...).#....... #o..'.#.....#....... #∩..#.'..⌠..#....... #####.#.....#....<). #.....#.....#....... #.###'########...... Turn 5693 on Orc:2: some miracle i didnt die.

, .###.......(#.#
#####.. , ,
..........(##.####(.P...
..........(.............
,
...(.....(..............
........................
...........##P..........
.....(.....#P..#...##...
*
......$...##............
.......@................
,
........................
,
..............#.........
,
..........##P...........
.(..%..#..###........[..
<
#..#....#.#*........#...
, #......
..........P.... ##.....
..#............ , , ,


Turn 6821 on Lair:3: once again on border of death

Levels and vault maps discovered:
D:1:      dpeg_arrival_signposts, layout_basic
D:2:      layout_basic, minitemple, lemuel_crystal_altar,
          chequers_ecumenical_altar_grove, minivault_25
D:3:      layout_loops_ring, serial_undead, serial_undead_a, serial_undead_c,
          serial_undead_e, serial_undead_f, uniq_terence
D:4:      layout_basic, old_standard_altar, serial_shops, nicolae_shop_crystal
D:5:      layout_basic, old_standard_altar, old_standard_altar, temple_pool_b,
          first_ration, basic_altar
D:6:      layout_loops_ring
D:7:      layout_rooms, ebering_ghost_reflecting_pool, uniq_pikel
D:8:      minmay_the_grid_triangle_9x9_recursive_2
          [minmay_the_grid_triangle_9x9_prize_center,
          minmay_the_grid_triangle_9x9_semitri,
          minmay_the_grid_triangle_9x9_zippers_horizontal,
          minmay_the_grid_triangle_9x9_pentomino_pain], layout_loops_ring
D:9:      layout_irregular_city, nicolae_overflow_crystal_walls,
          old_standard_altar, grunt_ogre_cave, makhleb_blood_cavern_becter,
          uniq_erolcha
D:10:     layout_small_grid, erik_orc_1, minmay_guarded_unrand_variability
D:11:     layout_long_grid, dpeg_oklobed_lair, serial_shops, shop
Lair:1:   layout_cellular_growth, serial_bayou_shore_a, uniq_maggie, uniq_fannar
Lair:2:   minmay_lair_oklob_tunnel, layout_small_grid, lemuel_fruit_fields,
          uniq_nergalle
Lair:3:   layout_gridlike, minmay_shoals_entry_hut, spider_nest_entry_webs,
          small_statue_intersection
Lair:4:   layout_regular_city, serial_bayou_pond_d, grunt_megastairs_3,
          serial_bayou_shore_b, lemuel_fruit_tree, serial_bayou_shore_b
Lair:5:   layout_regular_city
Lair:6:   minmay_lair_end_enchanted_forest, layout_loops_ring,
          nicolae_slime_entry_slimehenge, chequers_serial_rivers_micro_a,
          wad_woods_road_05, uniq_snorg
Orc:1:    layout_caves, basic_altar
Orc:2:    pubby_orc_utopia

Skill      XL: |  1  2  3  4  5  6  7  8  9 10 11 12 13 |
---------------+----------------------------------------+-----
Stealth        | 3 4 5 6 7 8 |  8.5
Unarmed Combat | 1 2 4 6 7 9 10 | 10.3
Shields        | 3 4 7 |  7.6
Fighting       | 3 5 6 9 10 | 10.0
Invocations    | 2 6 7 |  7.8
Dodging        | 3 4 8 10 | 10.5
Summonings     | 4 6 |  6.0
Short Blades   | |  1.0
Spellcasting   | |  0.5
Evocations     | |  3.2

Action                   |  1- 3 |  4- 6 |  7- 9 | 10-12 | 13-15 || total
-------------------------+-------+-------+-------+-------+-------++-------
Melee: Short sword       |    25 |    60 |       |       |       ||    85
       Tentacles         |     5 |    24 |    46 |    64 |    20 ||   159
       Constrict         |     4 |    23 |    37 |    62 |     8 ||   134
       Punch             |       |     3 |     9 |    37 |     9 ||    58
       Unarmed           |       |    56 |   160 |   251 |    59 ||   526
       Hunting sling     |       |       |       |     2 |       ||     2
 Fire: Hunting sling     |       |     1 |    30 |   173 |    37 ||   241
Throw: Stone             |       |     3 |     2 |       |       ||     5
       Dart              |       |       |       |     9 |       ||     9
       Javelin           |       |       |       |     6 |       ||     6
Invok: Slouch            |       |       |       |    12 |     1 ||    13
Evoke: Wand              |    28 |    11 |     9 |     7 |       ||    55
  Use: Potion            |     1 |     2 |     2 |    13 |     1 ||    19
       Scroll            |       |     7 |     5 |    11 |     3 ||    26
 Stab: Sleeping          |     2 |    15 |     5 |    12 |       ||    34
       Distracted        |     1 |       |       |       |       ||     1
       Paralysed         |       |       |    12 |       |       ||    12
       Confused          |       |       |       |     1 |       ||     1
  Eat: Chunk             |       |     3 |     5 |     8 |       ||    16
       Ration            |       |       |       |       |     1 ||     1
Armor: Skin              |     1 |     4 |    10 |    16 |     1 ||    32
Dodge: Dodged            |    16 |    47 |    85 |   177 |    17 ||   342
Block: Buckler           |       |       |    23 |    48 |       ||    71
       Kite shield       |       |       |       |    43 |    18 ||    61

Table legend:
 A = Non-vault XP
 B = Vault XP
 C = Vault XP percentage of total XP
 D = Non-vault monster count
 E = Vault monster count
 F = Vault count percentage of total count
                 A         B        C        D         E       F
            +---------+---------+-------+---------+---------+-------
      Total |   24139 |   13067 |  35.1 |     240 |     100 |  29.4
            +---------+---------+-------+---------+---------+-------
        D:1 |       6 |       0 |   0.0 |       3 |       0 |   0.0
        D:2 |     127 |       0 |   0.0 |      18 |       0 |   0.0
        D:3 |      44 |      62 |  58.5 |      12 |       5 |  29.4
        D:4 |     132 |       0 |   0.0 |      15 |       0 |   0.0
        D:5 |     512 |       0 |   0.0 |      20 |       0 |   0.0
        D:6 |     511 |       0 |   0.0 |      11 |       0 |   0.0
        D:7 |     691 |     617 |  47.2 |      21 |       1 |   4.5
        D:8 |    2580 |    1507 |  36.9 |      32 |       7 |  17.9
        D:9 |     429 |       0 |   0.0 |       7 |       0 |   0.0
       D:10 |    2336 |     643 |  21.6 |      12 |      18 |  60.0
       D:11 |    1201 |       0 |   0.0 |      13 |       0 |   0.0
     Lair:1 |    3021 |    1341 |  30.7 |      20 |       2 |   9.1
     Lair:2 |    4588 |       0 |   0.0 |      15 |       0 |   0.0
     Lair:3 |    2945 |     934 |  24.1 |      10 |       4 |  28.6
     Lair:4 |    2255 |     143 |   6.0 |       9 |       1 |  10.0
     Lair:5 |    1277 |       0 |   0.0 |       4 |       0 |   0.0
      Orc:1 |    1484 |       0 |   0.0 |      18 |       0 |   0.0
      Orc:2 |       0 |    7820 | 100.0 |       0 |      62 | 100.0
            +---------+---------+-------+---------+---------+-------
